 Dungeon Crawl Stone Soup version 0.27-a0-789-g6bb3289e1e (webtiles) character file.

Game seed: 8189549134443799084

14148 Lanoc the Bringer of Law (level 12, -4/76 HPs)
             Began as a Tengu Brigand on Mar 26, 2021.
             Was the Champion of Zin.
             Slain by a slime creature (20 damage)
             ... on level 11 of the Dungeon.
             The game lasted 00:27:17 (16625 turns).

Lanoc the Bringer of Law (Tengu Brigand)           Turns: 16625, Time: 00:27:18

Health: -4/76      AC:  5    Str: 12    XL:     12   Next: 13%
Magic:  21/21      EV: 27    Int: 13    God:    Zin [******]
Gold:   1116       SH:  0    Dex: 31    Spells: 11/11 levels left

rFire    + . .     SeeInvis .   F - +5 rapier of Cidir {elec, rPois rN+ Will+}
rCold    . . .     Faith    .   (no shield)
rNeg     + . .     Spirit   .   C - +2 robe {rF+}
rPois    +         Reflect  .   (helmet restricted)
rElec    .         Harm     .   A - scarf {+Inv}
rCorr    .         Rampage  .   z - +0 pair of gloves
Will     +....                  (boots unavailable)
Stlth    +++++.....             w - amulet of magic regeneration
HPRegen  0.22/turn              g - +6 ring of dexterity
MPRegen  0.42/turn              y - +6 ring of dexterity

@: flying quickly and evasively, quick
A: beak, talons 3, able to fly
a: Stop Flying, Renounce Religion, Evoke Invisibility, Recite, Vitalisation,
Imprison, Sanctuary, Donate Gold


You were on level 11 of the Dungeon.
You worshipped Zin.
Zin was exalted by your worship.
You visited 4 branches of the dungeon, and saw 15 of its levels.

You collected 1234 gold pieces.
You donated 118 gold pieces to Zin.

Inventory:

Hand Weapons
 F - the +5 rapier of Cidir (weapon) {elec, rPois rN+ Will+}
   (You found it on level 7 of the Dungeon)

   Occasionally, upon striking a foe, it can discharge electrical energy and
   cause terrible harm.
   It protects you from poison.
   It protects you from negative energy.
   It affects your willpower, your defense against some magical effects.
Missiles
 b - 7 atropa-tipped darts
 e - 19 poisoned darts (quivered)
 i - a curare-tipped dart
Armour
 z - a +0 pair of gloves (worn)
 A - a scarf of invisibility (worn)
 C - a +2 robe of fire resistance (worn)
Jewellery
 g - a +6 ring of dexterity (right hand)
 n - a ring of protection from cold
 w - an amulet of magic regeneration (around neck)
 y - a +6 ring of dexterity (left hand)
Wands
 c - a wand of paralysis (10)
 d - a wand of acid (10)
 f - a wand of digging (6)
 h - a wand of charming (11)
 p - a wand of iceblast (11)
 B - a wand of flame (36)
Scrolls
 j - 2 scrolls of fear
 k - a scroll of immolation
 m - 2 scrolls of enchant weapon
 o - 4 scrolls of teleportation
 s - a scroll of fog
 t - a scroll of magic mapping {unknown}
 v - 4 scrolls of enchant armour
Potions
 a - a potion of degeneration
 l - 3 potions of might
 q - a potion of magic
 r - a potion of invisibility
 u - 3 potions of resistance
 x - a potion of haste


   Skills:
 + Level 9.0 Fighting
 + Level 3.0 Short Blades
 - Level 2.0 Throwing
 + Level 9.7 Dodging
 - Level 10.4 Stealth
 * Level 10.8 Invocations


You had 11 spell levels left.
You didn't know any spells.
Your spell library contained the following spells:

 Spells                   Type           Power      Damage    Failure   Level
 Animate Skeleton         Necr           0%         N/A       30%         1
 Beastly Appendage        Tmut           0%         N/A       30%         1
 Corona                   Hex            0%         N/A       30%         1
 Ensorcelled Hibernation  Hex/Ice        0%         N/A       43%         2
 Wereblood                Tmut           0%         N/A       43%         2
 Confusing Touch          Hex            0%         N/A       67%         3
 Dazzling Flash           Conj/Hex       0%         N/A       67%         3
 Spider Form              Tmut/Pois      0%         N/A       67%         3
 Tukima's Dance           Hex            0%         N/A       67%         3
 Animate Dead             Necr           0%         N/A       97%         4
 Dispel Undead            Necr           0%         3d6       97%         4
 Ice Form                 Ice/Tmut       0%         N/A       97%         4
 Blade Hands              Tmut           0%         N/A       100%        5


Dungeon Overview and Level Annotations

Branches:
Dungeon (12/15)            Temple (1/1) D:5            Lair (1/6) D:8
    Orc (1/2) D:9

Altars:
Ashenzari
Gozag
Qazlal
Sif Muna
Trog
Uskayaw
Zin
The Shining One
Beogh

Annotations:
D:12 Sonja


Innate Abilities, Weirdness & Mutations

You have a beak for a mouth.
You have claws for feet.
You can fly continuously.


Message History

You hit the slime creature.
Lightning courses through the slime creature!!
You kill the slime creature!
No target in view!
You start resting.
HP restored.
Setting a skill training target for Short Blades at 14.0.
You fly downwards.
Level annotation: Sonja The centaur shoots an arrow.
The arrow closely misses you.
The centaur shoots an arrow.
The arrow completely misses you.
There is a stone staircase leading up, spattered with blood here.
The centaur shoots an arrow.
The arrow closely misses you.
The centaur shoots an arrow.
The arrow hits you! The slime creature hits you!
The centaur shoots an arrow.
The arrow misses you.
You hit the slime creature.
Lightning courses through the slime creature!
You peck the slime creature, but do no damage.
The slime creature is lightly wounded.
The centaur shoots an arrow.
The arrow completely misses you.
The slime creature hits you but does no damage.
You puncture the slime creature!
Lightning courses through the slime creature!!
You claw the slime creature, but do no damage.
Your peck misses the slime creature.
The slime creature is severely wounded.
The centaur shoots an arrow.
The arrow hits you! The slime creature hits you!!
The centaur shoots an arrow.
The arrow hits you!
* * * LOW HITPOINT WARNING * * *
The centaur shoots an arrow.
The arrow misses you.
There is a stone staircase leading up, spattered with blood here.
The slime creature completely misses you.
You fly upwards.
There is a stone staircase leading down, spattered with blood here.
You puncture the slime creature!
Lightning courses through the slime creature!
You peck the slime creature.
The slime creature is almost dead.
The slime creature hits you!!
You die...

..............#...###.#
..............#.......#
#########.....#.......#
##......#######.###...#
.#.####.........# #...#
.#.# #.........# #...#
.#.# #....##...# #...#
.#.####....##...###...#
##..............@.....#
.#...............J....#
.#......#######.####..#
.#......#.....#.......#
.########.....#.......#
.##...........#.......#
.##...........#.......#
.##....##.....#.......#
.##....##.....#.......#


You could see a slime creature.

Vanquished Creatures
  Erica (D:9)
  A centaur warrior (D:11)
  6 two-headed ogres
  Pikel (D:4)
  A manticore (D:11)
  The ghost of Hasart the Magician, a novice DjCj (D:7)
  Grinder (D:6)
  Prince Ribbit (D:6)
  2 slime creatures (D:11)
  Sigmund (D:5)
  11 yaks
  A steam dragon (D:8)
  Edmund (D:6)
  Menkaure (D:6)
  2 acid dragons
  5 wargs
  2 water moccasins
  Duvessa (D:5)
  A black bear (D:6)
  8 orc warriors
  An ice beast (D:5)
  A sky beast (D:7)
  A necrophage (D:7)
  3 ogres
  3 centaurs
  Blork the orc (D:6)
  2 kobold brigands
  A bullfrog (D:9)
  A gnoll sergeant (D:9)
  A wyvern skeleton (D:7)
  Dowan (D:5)
  3 scorpions
  2 water moccasin skeletons
  A wight (D:10)
  3 hounds
  3 quasits (D:7)
  A bullfrog zombie (D:5)
  A bullfrog skeleton (D:5)
  4 centaur zombies
  A centaur skeleton (D:5)
  7 orc priests
  A jelly (D:5)
  Terence (D:2)
  4 iguanas
  11 orc wizards
  A killer bee zombie (D:6)
  A hound zombie (D:5)
  8 gnolls
  A howler monkey skeleton (D:5)
  A howler monkey zombie (D:7)
  11 adders
  A shadow imp (D:6)
  5 ufetubi
  2 worms
  2 dart slugs
  39 orcs
  8 ball pythons
  4 endoplasms
  8 goblins
  10 hobgoblins
  15 jackals
  6 kobolds
  2 quokkas
  A bat (D:1)
  2 frilled lizards
  10 rats
246 creatures vanquished.

Vanquished Creatures (others)
  A wizard (D:8)
  A gnoll shaman (D:8)
  A gnoll (D:8)
  2 orcs (Orc:1)
  A goblin (D:2)
  A rat (D:2)
  41 plants
48 creatures vanquished.

Grand Total: 294 creatures vanquished

Notes
Turn   | Place    | Note
-------+----------+-------------------------------------------
     0 | D:1      | Lanoc the Tengu Brigand began the quest for the Orb.
     0 | D:1      | Reached XP level 1. HP: 12/12 MP: 2/2
   361 | D:1      | Reached XP level 2. HP: 16/17 MP: 3/3
  1141 | D:2      | Noticed Terence
  1173 | D:2      | Killed Terence
  1174 | D:2      | Reached XP level 3. HP: 7/22 MP: 4/4
  1425 | D:2      | Found a stormy altar of Qazlal.
  1430 | D:2      | Noticed an air elemental
  1430 | D:2      | Noticed a fire elemental
  1450 | D:2      | Noticed an earth elemental
  1450 | D:2      | Noticed a water elemental
  1455 | D:2      | Reached XP level 4. HP: 16/27 MP: 5/5
  1800 | D:2      | Reached skill level 5 in Stealth
  1999 | D:2      | Gained mutation: You can fly continuously. [Tengu growth]
  1999 | D:2      | Reached XP level 5. HP: 16/32 MP: 6/6
  2408 | D:3      | Found an opulent altar of Gozag.
  2708 | D:3      | Found a broken altar of Ashenzari.
  2708 | D:3      | Found a glowing silver altar of Zin.
  2712 | D:3      | Became a worshipper of Zin the Law-Giver
  2712 | D:3      | Reached * piety under Zin
  2891 | D:3      | Reached skill level 1 in Invocations
  2998 | D:4      | Noticed an ogre
  2999 | D:4      | Noticed Pikel
  3000 | D:4      | Noticed a lemure
  3000 | D:4      | Noticed a lemure
  3000 | D:4      | Noticed a lemure
  3001 | D:4      | Noticed a lemure
  3028 | D:4      | Killed Pikel
  3029 | D:4      | Reached XP level 6. HP: 33/38 MP: 6/9
  3029 | D:4      | Reached XP level 7. HP: 38/43 MP: 6/10
  3369 | D:4      | Reached ** piety under Zin
  3993 | D:5      | Entered Level 5 of the Dungeon
  4018 | D:5      | Reached XP level 8. HP: 48/48 MP: 11/11
  4118 | D:5      | Noticed Sigmund
  4582 | D:5      | Reached skill level 5 in Dodging
  4614 | D:5      | Found a staircase to the Ecumenical Temple.
  4624 | Temple   | Entered the Ecumenical Temple
  4654 | D:5      | Reached *** piety under Zin
  4676 | D:5      | Noticed Duvessa
  4678 | D:5      | Noticed Dowan
  4688 | D:5      | Killed Duvessa
  4689 | D:5      | Reached skill level 5 in Fighting
  4689 | D:5      | Reached skill level 5 in Invocations
  4712 | D:5      | Killed Dowan
  4948 | D:5      | Killed Sigmund
  5202 | D:5      | Reached XP level 9. HP: 53/54 MP: 14/14
  5644 | D:6      | Noticed Edmund
  5646 | D:6      | Noticed Blork the orc
  5647 | D:6      | Killed Blork the orc
  5709 | D:6      | Killed Edmund
  6098 | D:6      | Found a glowing golden altar of the Shining One.
  6100 | D:6      | Noticed Grinder
  6117 | D:6      | Paralysed by Grinder for 2 turns
  6748 | D:6      | Noticed Menkaure
  6763 | D:6      | Killed Menkaure
  6934 | D:6      | Killed Grinder
  6977 | D:6      | Noticed Prince Ribbit
  6983 | D:6      | Killed Prince Ribbit
  7316 | D:7      | Noticed a two-headed ogre
  8039 | D:7      | Found a transporter.
  8048 | D:7      | Noticed Hasart's ghost (novice DjCj)
  8061 | D:7      | Identified the +6 trident "Hepnu" {holy, rPois rN+ Will-
                  | Dex+2}
  8088 | D:7      | Found a transporter.
  8124 | D:7      | Identified the +5 rapier of Cidir {elec, rPois rN+ Will+}
  8406 | D:7      | Killed a two-headed ogre
  8407 | D:7      | Reached XP level 10. HP: 25/61 MP: 16/16
  8863 | D:7      | Killed Hasart's ghost
  9070 | D:8      | HP: 3/91 [centaur (5)]
  9385 | D:8      | Reached **** piety under Zin
  9447 | D:8      | Found a bloodstained altar of Trog.
  9450 | D:8      | Noticed a wizard
  9453 | D:8      | Killed a wizard
  9744 | D:8      | Found a shimmering blue altar of Sif Muna.
  9814 | D:8      | Found a staircase to the Lair.
 10659 | Lair:1   | Entered Level 1 of the Lair of Beasts
 10963 | D:9      | Found a staircase to the Orcish Mines.
 11289 | D:9      | Reached ***** piety under Zin
 11297 | D:9      | Noticed Erica
 11571 | D:9      | Killed Erica
 11572 | D:9      | Reached XP level 11. HP: 29/68 MP: 18/18
 11941 | D:9      | Found a hide-covered altar of Uskayaw.
 12298 | D:10     | Entered Level 10 of the Dungeon
 12322 | D:10     | Noticed a two-headed ogre
 12754 | D:10     | Noticed a two-headed ogre
 12824 | D:10     | Killed a two-headed ogre
 12849 | D:10     | Noticed a two-headed ogre
 13003 | D:10     | Killed a two-headed ogre
 13155 | Orc:1    | Entered Level 1 of the Orcish Mines
 13263 | Orc:1    | Noticed an orc sorcerer
 13268 | Orc:1    | Paralysed by an orc sorcerer for 4 turns
 13274 | Orc:1    | Paralysed by an orc sorcerer for 2 turns
 13448 | Orc:1    | Noticed a sun demon
 13609 | D:10     | Killed a two-headed ogre
 13610 | D:10     | Reached skill level 10 in Stealth
 13887 | D:10     | Identified a scroll of acquirement
 13888 | D:10     | Acquired 509 gold pieces
 13895 | D:10     | Reached ****** piety under Zin
 14170 | D:10     | HP: 3/69 [electric eel/bolt of electricity (10)]
 14632 | D:11     | Noticed a two-headed ogre
 14643 | D:11     | Killed a two-headed ogre
 14644 | D:11     | Reached skill level 10 in Invocations
 14765 | D:11     | Noticed a centaur warrior
 14772 | D:11     | Killed a centaur warrior
 14873 | D:11     | Noticed a two-headed ogre
 14889 | D:11     | Killed a two-headed ogre
 14893 | D:11     | Noticed a manticore
 14907 | D:11     | Killed a manticore
 15369 | D:11     | Reached XP level 12. HP: 49/75 MP: 20/20
 15684 | D:11     | Identified Danedoaff's Almanac of Ensnaring Stolen Souls
 16184 | D:12     | Noticed Sonja
 16625 | D:11     | Slain by a slime creature

Illustrated notes

Levels and vault maps discovered:
D:1:      dpeg_arrival_tiny_g, layout_rooms
D:2:      minmay_thinvault, layout_loops_ring, nicolae_qazlal_style_of_elements,
          roderic_three_in_a_row, lemuel_flame_loot_1, uniq_terence
D:3:      lemuel_upstairs_altar, layout_rooms,
          gammafunk_temple_overflow_elements, nicolae_gozag_seed_capital
D:4:      layout_basic, chequers_serial_rivers_large_a, corexii_shack,
          uniq_pikel
D:5:      minmay_razor_zed, layout_basic, minmay_temple_entry_antechambers,
          st_stairs_14, uniq_duvessa, uniq_sigmund
D:6:      layout_basic, basic_altar, uniq_prince_ribbit1, uniq_menkaure,
          uniq_grinder, uniq_edmund, uniq_blork_the_orc
D:7:      layout_basic, gammafunk_ghost_stat_death
D:8:      kennysheep_orc_sif_temple, layout_cave_pods,
          erik_lair_orcish_takeover, trog_wizard
D:9:      layout_roguey, nicolae_overflow_crystal_walls, erik_orc_3, uniq_erica
D:10:     layout_cave_pools, serial_glass, glass_columns_a, glass_columns_c,
          minmay_fountain_box, serial_bayou_lagoon_a, billiards_dpeg
D:11:     layout_stronghold
D:12:     layout_big_octagon, nicolae_dithmenos_through_a_glass_darkly,
          uniq_sonja, uniq_snorg
Temple:   hc_temple_tempest_star
Lair:1:   layout_regular_city, serial_forest, infiniplex_forest_clump_small,
          infiniplex_forest_clump_small, infiniplex_forest_clump_double,
          infiniplex_forest_clump_curved, infiniplex_forest_straight_2,
          infiniplex_forest_clump_C, infiniplex_forest_straight_1,
          infiniplex_staircase_pool_2, minmay_lair_oklob_chamber
Orc:1:    layout_diamond_mine, amcnicky_altar_gilded

Skill      XL: |  1  2  3  4  5  6  7  8  9 10 11 12 |
---------------+-------------------------------------+-----
Dodging        | 2 4 5 7 8 9 |  9.7
Stealth        | 5 6 7 8 9 10 | 10.4
Fighting       | 3 4 5 6 7 8 9 |  9.0
Invocations    | 3 5 7 9 10 | 10.8
Short Blades   | 3 |  3.0
Throwing       | |  2.0

Action                   |  1- 3 |  4- 6 |  7- 9 | 10-12 || total
-------------------------+-------+-------+-------+-------++-------
Melee: Dagger            |    44 |    76 |   254 |       ||   374
       Kick              |    12 |    18 |    98 |   124 ||   252
       Peck              |     6 |    10 |    57 |    94 ||   167
       Rapier            |       |       |    46 |   320 ||   366
Throw: Dart              |     6 |     6 |    26 |    47 ||    85
Invok: Recite            |       |       |    15 |    26 ||    41
 Abil: Fly               |       |     1 |       |       ||     1
Evoke: Wand              |       |       |       |     3 ||     3
  Use: Scroll            |       |       |       |    17 ||    17
       Potion            |       |       |       |     9 ||     9
 Stab: Sleeping          |     4 |    13 |    23 |    10 ||    50
       Distracted        |     1 |     1 |     1 |     1 ||     4
       Confused          |       |       |     6 |     8 ||    14
       Invisible         |       |       |       |     4 ||     4
       Paralysed         |       |       |       |     2 ||     2
Armor: Robe              |     7 |     7 |    53 |    46 ||   113
Dodge: Dodged            |    16 |    32 |   245 |   416 ||   709

Table legend: (Time is in decaauts)
 A = Elapsed time spent in this place.
 B = Non-inter-level travel time spent in this place.
 C = Inter-level travel time spent in this place.
 D = Time resting spent in this place.
 E = Time spent auto-exploring this place.
 F = Levels seen in this place.
 G = Mean time per level.
                   A        B        C        D        E       F      G
               +--------+--------+--------+--------+--------+-----+--------+
         Total |  15913 |  15397 |    516 |   2966 |   9924 |  15 | 1060.9 |
       Dungeon |  15869 |  15353 |    516 |   2966 |   9924 |  12 | 1322.4 |
        Temple |      1 |      1 |      0 |      0 |      0 |   1 |    1.0 |
          Lair |      1 |      1 |      0 |      0 |      0 |   1 |    1.0 |
  Orcish Mines |     39 |     39 |      0 |      0 |      0 |   1 |   39.0 |
               +--------+--------+--------+--------+--------+-----+--------+

Top non-repeatable levels by time:
     D:9: 2918 daAuts
    D:11: 1859 daAuts
     D:6: 1717 daAuts
     D:5: 1518 daAuts
     D:7: 1411 daAuts
     D:2: 1397 daAuts
    D:10: 1303 daAuts
     D:8: 1186 daAuts
     D:1: 994 daAuts
     D:4: 952 daAuts
     D:3: 513 daAuts
    D:12: 96 daAuts
   Orc:1: 39 daAuts
  Lair:1: 1 daAuts
  Temple: 1 daAuts
